 Dungeon Crawl Stone Soup version 0.26.1-11-gd32895ea62 (webtiles) character file.

Game seed: 5590990074878265751

28 wafflestompin the Sneak (level 2, 0/13 HPs)
             Began as a Spriggan Enchanter on May 16, 2021.
             Slain by a gnoll
             ... wielding a +0 halberd
              (12 damage)
             ... on level 2 of the Dungeon.
             The game lasted 00:07:59 (1742 turns).

wafflestompin the Sneak (Spriggan Enchanter)        Turns: 1742, Time: 00:07:59

Health: 0/13       AC:  2    Str:  4    XL:     2   Next: 96%
Magic:  7/7        EV: 18    Int: 16    God:
Gold:   58         SH:  0    Dex: 16    Spells: 4/7 levels left

rFire    . . .     SeeInvis +   a - +1 dagger
rCold    . . .     Faith    .   (shield restricted)
rNeg     . . .     Spirit   .   c - +0 robe
rPois    .         Reflect  .   (helmet restricted)
rElec    .         Harm     .   (no cloak)
rCorr    .         Rampage  .   (gloves unavailable)
Will     .....                  (boots unavailable)
Stlth    +.........             (no amulet)
HPRegen  0.04/turn              (no ring)
MPRegen  0.10/turn              (no ring)

@: confused, very quick
A: very small, unfitting armour, see invisible, speed 3
a: no special abilities


You were on level 2 of the Dungeon.
You visited 1 branch of the dungeon, and saw 2 of its levels.

You collected 58 gold pieces.

Inventory:

Hand Weapons
 a - a +1 dagger (weapon)
 b - a +0 hunting sling
Missiles
 i - 46 stones
Armour
 c - a +0 robe (worn)
 l - a +0 pair of boots
 m - a +0 pair of boots
Jewellery
 h - an uncursed ring of see invisible {unknown}
Scrolls
 d - a scroll of teleportation {unknown}
 f - a scroll of fear {unknown}
 k - a scroll of identify {unknown}
Potions
 e - a potion of ambrosia
 g - a potion of attraction {unknown}
 j - a potion of cancellation {unknown}


   Skills:
 + Level 1.1 Short Blades
 + Level 0.8 Slings
 + Level 3.3 Dodging
 * Level 5.2 Stealth
 + Level 3.0 Spellcasting
 * Level 3.9 Hexes


You had 4 spell levels left.
You knew the following spells:

 Your Spells              Type           Power        Failure   Level
a - Corona                Hex            16%          3%          1
b - Ensorcelled Hibernat  Hex/Ice        16%          13%         2

Your spell library contained the following spells:

 Spells                   Type           Power        Failure   Level
 Confusing Touch          Hex            15%          11%         3
 Tukima's Dance           Hex            15%          11%         3
 Dazzling Flash           Conj/Hex       16%          26%         3


Dungeon Overview and Level Annotations

Branches:
Dungeon (2/15)

Altars:


Innate Abilities, Weirdness & Mutations

You are very small and have problems with some larger weapons.
You are too small for most types of armour.
You have supernaturally acute eyesight. (SInv)
You cover ground extremely quickly.


Message History

The gnoll barely misses you.
You hit the kobold.
The kobold is severely wounded.
The kobold hits you but does no damage.
You hit the kobold.
You kill the kobold!
The gnoll hits you from afar with a +0 halberd!
Ouch! That really hurt!
You don't have enough magic to cast that spell.
Things that are here:
a +0 dagger; 4 stones; a kobold corpse
Okay, then.
It was a potion of ambrosia.
You are confused.
You feel invigorated.
You're too confused to cast spells.
Unknown command.
The gnoll hits you from afar with a +0 halberd!
Ouch! That really hurt!
You die...

.##..#.. .###...#
........ .#######
.# .# .# (# ### (#
#@# g# #.# .# #g#
(###############.#
(...(((..........#
##################


You could see a gnoll.

Vanquished Creatures
  An ooze (D:1)
  A worm (D:2)
  A dart slug (D:1)
  2 bats (D:1)
  A giant cockroach (D:1)
  2 goblins
  2 kobolds
  A quokka (D:2)
  A ball python (D:1)
  7 frilled lizards (D:1)
  A rat (D:1)
20 creatures vanquished.

Notes
Turn   | Place    | Note
-------+----------+-------------------------------------------
     0 | D:1      | wafflestompin the Spriggan Enchanter began the quest for
                  | the Orb.
     0 | D:1      | Reached XP level 1. HP: 9/9 MP: 5/5
   149 | D:1      | Reached XP level 2. HP: 5/13 MP: 4/6
   579 | D:2      | Learned a level 2 spell: Ensorcelled Hibernation
   710 | D:1      | Reached skill level 5 in Stealth
  1742 | D:2      | Slain by a gnoll

Illustrated notes

Levels and vault maps discovered:
D:1:      lightli_arrival_maybe_door_vault, layout_basic, minmay_lizard_pond
D:2:      layout_basic, grunt_temple_overflow_diamond,
          nicolae_tso_swordbearing_angel, minmay_misc_feat_columns,
          minmay_misc_feat_iff, fedhas_altar_2, uniq_jessica

Skill      XL: |  1  2 |
---------------+-------+-----
Stealth        | 5 |  5.2
Spellcasting   | 3 |  3.0
Short Blades   | |  1.1
Slings         | |  0.8
Dodging        | |  3.3
Hexes          | |  3.9

Action                   || total
-------------------------++-------
Melee: Dagger            ||    54
 Fire: Hunting sling     ||    12
 Cast: Corona            ||     5
       Ensorcelled Hiber ||    16
  Use: Potion            ||     1
 Stab: Sleeping          ||    11
Armor: Robe              ||     8
Dodge: Dodged            ||    49
